 Dungeon Crawl Stone Soup version 0.31-a0-564-g3b7de120b3 (webtiles) character file.

Game seed: 5179232824630869721

56 Xavori the Trooper (level 3, 23/23 HPs)
             Began as an Octopode Chaos Knight on Aug 17, 2023.
             Was a Plaything of Xom.
             Quit the game on level 2 of the Dungeon.
             The game lasted 00:01:37 (10586 turns).

Xavori the Trooper (Octopode Chaos Knight)         Turns: 10586, Time: 00:01:37

Health: 23/23      AC:  1    Str: 14 (15) XL:     3   Next: 95%
Magic:  2/2        EV: 13    Int: 13      God:    Xom [..*...]
Gold:   347        SH:  5    Dex: 12      Spells: 2/2 levels left

rFire   . . .        a - +0 short sword (chaos)
rCold   . . .        (no shield)
rNeg    . . .        (helmet restricted)
rPois   .            g - amulet of reflection
rElec   .            (no ring)
rCorr   .            (no ring)
SInv    .            (no ring)
Will    ++...        (no ring)
Stlth   +++          (no ring)
HPRegen 0.23/turn    (no ring)
MPRegen 0.08/turn    (no ring)
                     (no ring)

%: reflection
@: no status effects
A: almost no armour, amphibious, 8 rings, camouflage 1, gelatinous body 1,
(nimble swimmer 1), tentacles, frail 1, low MP 1, strong-willed 2, strong 1,
subdued magic 1, inability to drink after injury 1, MP-powered wands
a: Renounce Religion


You were on level 2 of the Dungeon.
You worshipped Xom.
You were a toy of Xom.
You visited 1 branch of the dungeon, and saw 2 of its levels.

You collected 347 gold pieces.

Inventory:

Hand Weapons
 a - a +0 short sword of chaos (weapon)
Jewellery
 g - an amulet of reflection (around mantle)
Scrolls
 b - a scroll of butterflies
 c - a scroll of vulnerability {unknown}
 d - a scroll of noise {unknown}
 e - a scroll of identify {unknown}
 h - a scroll of teleportation {unknown}
Potions
 f - a potion of brilliance {unknown}


   Skills:
 + Level 3.5 Fighting
 + Level 3.5 Short Blades
 + Level 2.9 Dodging
 + Level 1.7 Stealth
 + Level 0.1 Shields


You had 2 spell levels left.
You didn't know any spells.
Your spell library contained the following spells:

 Spells                   Type           Power      Damage    Failure   Level
 Sublimation of Blood     Necr           0%         N/A       38%         2
 Petrify                  Tmut/Erth      0%         N/A       96%         4
 Irradiate                Conj/Tmut      0%         3d11      100%        5


Dungeon Overview and Level Annotations

Branches:
Dungeon (2/15)

Altars:


Innate Abilities, Weirdness & Mutations

You cannot wear most types of armour.
You are amphibious.
You can wear up to eight rings at the same time.
Your skin changes colour to match your surroundings (Stealth+).
Your rubbery body absorbs attacks. (AC +1, EV +1)
((You are camouflaged when in or above water. (Stealth+)))
You have tentacles for arms and can constrict up to eight enemies at once.
You are frail. (-10% HP)
Your magical capacity is low. (-10% MP)
You are highly strong-willed. (Will++)
Your muscles are strong. (Str +4, Int/Dex -1)
Your spells are a little easier to cast, but a little less powerful.
You occasionally lose the ability to drink potions when taking damage.
You expend magic power (3 MP) to strengthen your wands.


Message History

You start waiting.
You start waiting.
Done waiting.
You start waiting.
Done waiting.
You start waiting.
Done waiting.
You start waiting.
Xom's power touches on you for a moment.
You feel weakened.
You start waiting.
Done waiting.
You start waiting.
Done waiting.
You start waiting.
Xom's power touches on you for a moment.
Your body is suffused with distortional energy.
You feel more strong-willed.
You are now a toy of Xom.
You start waiting.
Xom is getting BORED.
You start waiting.
Xom is getting BORED.
You start waiting.
Xom is getting BORED.
You start waiting.
Xom is getting BORED.
You start waiting.
You are now a BORING thing.
You start waiting.
You are now a toy of Xom.
You start waiting.
Done waiting.
You start waiting. "Go forth and redecorate, my child!"
You start waiting.
Done waiting.
You climb downwards.
There is a stone staircase leading up, spattered with blood here.
Are you sure you want to abandon this character and quit the game? (Confirm with "yes".)

# #### ... #...
....
##.#.####.....
#.....@....... .
...###..รท#.....
... #$#.#.#.....
.....#.#)....# #
. #...S)....#.#
..
....##)##.....#
# # # #..
.###... # ...$
.. .#. #.#.. .##


There were no monsters in sight!

Vanquished Creatures
  2 adders
  A worm (D:2)
  A dart slug (D:1)
  2 endoplasms (D:1)
  A giant cockroach (D:1)
  3 jackals (D:1)
  A quokka (D:1)
  5 ball pythons
  5 bats
  2 frilled lizards
  7 goblins
  4 kobolds
  2 rats (D:1)
36 creatures vanquished.

Notes
Turn   | Place    | Note
-------+----------+-------------------------------------------
     0 | D:1      | Xavori the Octopode Chaos Knight began the quest for the
                  | Orb.
     0 | D:1      | Reached XP level 1. HP: 16/16 MP: 1/1
    66 | D:1      | XOM: potion effect (invisibility)
    99 | D:1      | XOM: 1-stop teleportation journey
   100 | D:1      | Reached XP level 2. HP: 13/21 MP: 2/2
   110 | D:1      | XOM: scenery: summon butterflies
   482 | D:1      | XOM: divination: magic mapping
   535 | D:2      | Reached XP level 3. HP: 26/26 MP: 3/3
   658 | D:1      | XOM: summons 2 hostile demons
   877 | D:1      | XOM is BORED!
  1295 | D:1      | XOM: noise
  1712 | D:1      | XOM: give mutations
  1712 | D:1      | Gained mutation: Your muscles are strong. (Str +4, Int/Dex
                  | -1) [Xom's mischief]
  1712 | D:1      | Gained mutation: You have hidden genetic potential. [Xom's
                  | mischief]
  2697 | D:1      | XOM: silly message
  2843 | D:1      | XOM: divination: detect creatures
  2858 | D:1      | XOM: god gift: mace {god gift}
  3061 | D:1      | XOM: give mutations
  3061 | D:1      | Gained mutation: One of your tentacles bears a spike.
                  | [Xom's grace]
  3061 | D:1      | Gained mutation: You expend magic power (3 MP) to
                  | strengthen your wands. [Xom's grace]
  3061 | D:1      | Gained mutation: You are strong-willed. (Will+) [Xom's
                  | grace]
  3727 | D:1      | XOM: divination: detect creatures
  3944 | D:1      | XOM: god gift: 255 gold pieces
  4031 | D:1      | XOM: 2-stop teleportation journey
  4215 | D:1      | XOM: cloud trail
  4388 | D:1      | XOM: divination: magic mapping
  4502 | D:2      | Reached skill level 1 in Stealth
  4505 | D:2      | XOM: confusion (+ monsters)
  4807 | D:1      | XOM: divination: detect items
  5514 | D:1      | XOM: give mutations
  5514 | D:1      | Lost mutation: One of your tentacles bears a spike. [Xom's
                  | mischief]
  5514 | D:1      | Gained mutation: Your mind is acute. (Int +4, Str/Dex -1)
                  | [Xom's mischief]
  5514 | D:1      | Gained mutation: Your magical capacity is low. (-10% MP)
                  | [Xom's mischief]
  6303 | D:1      | XOM: cloud trail
  6761 | D:1      | XOM: give mutation
  6761 | D:1      | Gained mutation: You occasionally lose the ability to drink
                  | potions when taking damage. [Xom's mischief]
  7351 | D:1      | XOM: noise
  8091 | D:1      | XOM: divination: magic mapping
  8164 | D:1      | XOM: god gift: +2 great mace of chaos
  9301 | D:1      | XOM: give mutations
  9301 | D:1      | Gained mutation: Your spells are a little easier to cast,
                  | but a little less powerful. [Xom's mischief]
  9301 | D:1      | Gained mutation: You are frail. (-10% HP) [Xom's mischief]
  9301 | D:1      | Lost mutation: Your mind is acute. (Int +4, Str/Dex -1)
                  | [Xom's mischief]
  9301 | D:1      | Lost mutation: You have hidden genetic potential. [Xom's
                  | mischief]
  9951 | D:1      | XOM: stat loss: -1 Str (14/15)
 10197 | D:1      | XOM: give mutation
 10197 | D:1      | Gained mutation: You are highly strong-willed. (Will++)
                  | [Xom's grace]
 10344 | D:1      | XOM is BORED!
 10483 | D:1      | XOM: cloud trail
 10586 | D:2      | Quit the game

Illustrated notes

Levels and vault maps discovered:
D:1:      amcnicky_arrival_double_pillar, layout_rooms
D:2:      layout_rooms, minmay_fractal_squares_5, uniq_terence

Skill      XL: |  1  2  3 |
---------------+----------+-----
Stealth        | 1 |  1.7
Fighting       | |  3.5
Short Blades   | |  3.5
Dodging        | |  2.9
Shields        | |  0.1

Action                     || total
---------------------------++-------
  Melee: Short sword       ||    68
         Tentacles         ||    13
         Constrict         ||    15
         Kick              ||     9
   Stab: Sleeping          ||     5
         Distracted        ||     1
 Armour: Skin              ||     6
  Dodge: Dodged            ||    39
  Block: Other             ||     9

Table legend: (Time is in decaauts)
 A = Elapsed time spent in this place.
 B = Non-inter-level travel time spent in this place.
 C = Inter-level travel time spent in this place.
 D = Time resting spent in this place.
 E = Time spent auto-exploring this place.
 F = Levels seen in this place.
 G = Mean time per level.
                   A        B        C        D        E       F      G
               +--------+--------+--------+--------+--------+-----+--------+
         Total |  10579 |  10547 |     32 |   9943 |    389 |   2 | 5289.5 |
       Dungeon |  10579 |  10547 |     32 |   9943 |    389 |   2 | 5289.5 |
               +--------+--------+--------+--------+--------+-----+--------+

Top non-repeatable levels by time:
     D:1: 10402 daAuts
     D:2: 177 daAuts
